 Dungeon Crawl Stone Soup version 0.30-a0-475-g03497ec522 (webtiles) character file.

Game seed: 1064421833446402654

21 tilp the Covered (level 3, -5/31 HPs)
             Began as a Meteoran Fighter on Dec 20, 2022.
             Killed by nerve-wracking pain
             ... invoked by Grinder
              (11 damage)
             ... while paralysed by Grinder
             ... on level 3 of the Dungeon.
             The game lasted 00:02:33 (281 turns).

tilp the Covered (Meteoran Fighter)                  Turns: 281, Time: 00:02:34

Health: -5/31      AC:  7    Str: 17    XL:     3   Next: 20%
Magic:  4/4        EV:  2    Int: 10    God:
Gold:   25         SH:  0    Dex: 15    Spells: 2/2 levels left

rFire   . . .      SeeInvis .    a - +0 long sword
rCold   . . .      Faith    .    c - +0 buckler
rNeg    . . .      Spirit   .    b - +0 scale mail
rPois   .          Reflect  .    (no helmet)
rElec   .          Harm     .    (no cloak)
rCorr   .          Rampage  .    (no gloves)
Will    .....                    (no boots)
Stlth   ..........               (no amulet)
HPRegen 0.25/turn                (no ring)
MPRegen 0.09/turn                (no ring)

@: paralysed, mighty, glowing
A: sense surroundings 1, otherworldly, glowing, explore regen
a: no special abilities


You were on level 3 of the Dungeon.
You visited 1 branch of the dungeon, and saw 3 of its levels.

You collected 36 gold pieces.
You spent 11 gold pieces at shops.

Inventory:

Hand Weapons
 a - a +0 long sword (weapon)
Missiles
 f - 9 poisoned darts (quivered)
Armour
 b - a +0 scale mail (worn)
 c - a +0 buckler (worn)
Jewellery
 j - the ring of Ugoacw {Ice rCorr Str+2 Stlth+}
   (You found it on level 3 of the Dungeon)

   [ring of ice]

   It enhances your ice magic.
   Str:       It affects your strength (+2).
   rF:        It makes you vulnerable to fire.
   rC:        It protects you from cold.
   rCorr:     It protects you from acid and corrosion.
   Stlth:     It makes you more stealthy.
Scrolls
 e - a scroll of identify {unknown}
 g - a scroll of teleportation {unknown}
 h - a scroll of blinking {unknown}
 i - a scroll of torment {unknown}


   Skills:
 + Level 3.5 Fighting
 + Level 2.6 Long Blades
 + Level 3.8 Armour
 * Level 1.4 Dodging
 + Level 0.3 Stealth
 + Level 3.7 Shields


You had 2 spell levels left.
You didn't know any spells.
Your spell library was empty.

Dungeon Overview and Level Annotations

Branches:
Dungeon (3/15) Zot: 1501

Altars:
Qazlal

Shops:
D:1 =:!:

Annotations:
D:3 Grinder


Innate Abilities, Weirdness & Mutations

You passively map a small area around you.
You are easily found by Zot.
You glow in the dark.
You regain HP and MP as you explore.


Message History

No target in view!
Why would you want to do that?
A bat comes into view.
You block the bat's attack. The bat hits you but does no damage.
You hit the bat.
You kill the bat!
No target in view!
No target in view!
Found a twitching lapis lazuli ring.
Grinder comes into view.
She is carrying a wand of flame (32).
Found 12 gold pieces.
Grinder zaps a wand.
The puff of flame misses you.
You see here the ring of Ugoacw {Ice rCorr Str+2 Stlth+}.
j - the ring of Ugoacw {Ice rCorr Str+2 Stlth+} Grinder grins, showing sharp teeth.
You feel very mighty all of a sudden. Grinder gestures at you.
You suddenly lose the ability to move!
Grinder zaps a wand.
The puff of flame hits you!
Grinder blinks!
You can move again.
Unknown command.
Unknown command.
Grinder gestures at you.
You shrug off the repeated paralysis!
You barely miss Grinder.
Grinder zaps a wand.
The puff of flame hits you! Grinder gestures at you.
You suddenly lose the ability to move!
Grinder hits you.
* * * LOW HITPOINT WARNING * * *
Grinder hits you.
* * * LOW HITPOINT WARNING * * *
You writhe in agony.
* * * LOW HITPOINT WARNING * * *
Grinder gestures at you.
You shrug off the repeated paralysis!
Grinder gestures at you. Pain shoots through your body!
You die...

* #.......##..# , ..
..##....#.##......≈.. ...
..#...... #...§.≈≈≈.
#..#.#....# #§§§≈§≈≈.. *
*#.#......# #.§§§≈####
###........# #...+§§≈§#.
......#....# #...§≈_§§#≈
*
#........5.####...#≈8.≈§≈
#.......@........≈#≈≈≈≈≈≈
#..........###†.≈≈≈≈≈≈##≈
* ...$######.#
#...≈§≈..§§. , ### #.#
#.....≈..§§. , #.#
##≈......§§.
#.####....^.....
#..............#
################


You could see Grinder.

Vanquished Creatures
  A dart slug (D:1)
  A ball python (D:1)
  2 bats
  An endoplasm (D:1)
  2 goblins (D:1)
  A hobgoblin (D:1)
  4 jackals (D:1)
  A frilled lizard (D:3)
  A kobold (D:1)
  4 rats
18 creatures vanquished.

Notes
Turn   | Place    | Note
-------+----------+-------------------------------------------
     0 | D:1      | tilp the Meteoran Fighter began the quest for the Orb.
     0 | D:1      | Reached XP level 1. HP: 19/19 MP: 2/2
    29 | D:1      | Reached XP level 2. HP: 26/26 MP: 3/3
    34 | D:1      | Found Dead's Book Shoppe.
    52 | D:1      | Reached skill level 1 in Dodging
    66 | D:1      | Found Gizithru's Book Emporium.
    91 | D:1      | Found Faots's Distillery.
   106 | D:1      | Bought a potion of degeneration for 11 gold pieces
   130 | D:1      | Reached XP level 3. HP: 16/31 MP: 4/4
   139 | D:1      | Found Ixtuzoh's Jewellery Emporium.
   224 | D:3      | Found a stormy altar of Qazlal.
   269 | D:3      | Noticed Grinder
   271 | D:3      | Identified the ring of Ugoacw {Ice rCorr Str+2 Stlth+}
   273 | D:3      | Paralysed by Grinder for 3 turns
   277 | D:3      | Paralysed by Grinder for 5 turns
   281 | D:3      | Killed from afar by Grinder

Illustrated notes

Levels and vault maps discovered:
D:1:      psy_arrival_spokes, layout_basic, chequers_ecumenical_altar_simple,
          serial_shops, nicolae_shop_statue_plus, shop,
          nicolae_shop_behind_doors, shop_statue
D:2:      layout_basic
D:3:      layout_rooms, palyth_temple_overflow_mages,
          nicolae_qazlal_general_emergency,
          chequers_temple_overflow_statue_of_worship, minmay_misc_feat_alley,
          uniq_sigmund, uniq_grinder

Skill      XL: |  1  2 |
---------------+-------+-----
Dodging        | 1 |  1.4
Fighting       | |  3.5
Long Blades    | |  2.6
Armour         | |  3.8
Stealth        | |  0.3
Shields        | |  3.7

Action                   || total
-------------------------++-------
Melee: Long sword        ||    58
Throw: Dart              ||     1
  Use: Potion            ||     1
Armor: Scale mail        ||    34
Dodge: Dodged            ||    31
Block: Buckler           ||    21

Table legend: (Time is in decaauts)
 A = Elapsed time spent in this place.
 B = Non-inter-level travel time spent in this place.
 C = Inter-level travel time spent in this place.
 D = Time resting spent in this place.
 E = Time spent auto-exploring this place.
 F = Levels seen in this place.
 G = Mean time per level.
                   A        B        C        D        E       F      G
               +--------+--------+--------+--------+--------+-----+--------+
         Total |    297 |    297 |      0 |      0 |      0 |   3 |   99.0 |
       Dungeon |    297 |    297 |      0 |      0 |      0 |   3 |   99.0 |
               +--------+--------+--------+--------+--------+-----+--------+

Top non-repeatable levels by time:
     D:1: 216 daAuts
     D:3: 61 daAuts
     D:2: 19 daAuts
